[Event "*** Titled Tuesday Blitz"]
[Site "Chess.com"]
[Date "2020.04.21"]
[Round "9"]
[White "eldidi20"]
[Black "ChrisTool2"]
[Result "1-0"]
[WhiteElo "2214"]
[BlackElo "2391"]
[TimeControl "180+1"]
[EndTime "11:51:16 PDT"]
[Termination "eldidi20 won by resignation"]

1. e4 e6 2. d4 d5 3. Nc3 Nf6 4. e5 Nfd7 5. f4 c5 6. Nf3 Nc6 7. Be3 cxd4 8. Nxd4 Bc5 9. Qd2 O-O 10. O-O-O a6 11.
Kb1 Nxd4 12. Bxd4 b5 13. g4 Qc7 14. h4 b4 15. Ne2 a5 16. h5 a4 17. h6 g6 18. f5 Bxd4 19. Nxd4 Qxe5 20. Re1 Qd6 21.
fxe6 fxe6 22. Rxe6 Qc5 23. Nf5 Nf6 24. Ne7+ Kh8 25.
Re1 Ne4 26. Rxe4 dxe4 27. Nxc8 Raxc8 28. b3 axb3 29. axb3 Rf2 30. Be2 e3 31. Qd3 Qe5 32. Rd1 Rff8 33. Qd7 Ra8 34. Qd4 Qxd4 35. Rxd4 Rad8 36.
Re4 Rd2 37. Rxe3 Rfd8 38. Bd3 Rg2 39. Re4 Rg1+ 40. Kb2 Rh1 41. Rxb4 Rxh6 42. Rc4 Rh3 43. b4 Rg3 44. b5 h5 45. gxh5 gxh5 46. b6 Rg4 47. Rc5 h4 48. b7 Rb4+ 49. Kc3 Rxb7 50. Rh5+ Kg7 51. Rxh4 Rc7+ 52. Kd2 Kf6 53. Rf4+ Kg5 54.
Rf5+ Kg4 55. Rf6 Rcd7 56. Rf1 Kg3 57. Rf5 Kg4 58. Rf6 Re7 59. Rf1 Kg3 60. Rf6 Rde8 61. Rf5 Kg4 62. Rf6 Rh7 63. Bxh7 Rd8+ 64. Bd3 Kg5 65.
Rf1 Rh8 66. c4 Rh2+ 67. Kc3 Ra2 68. c5 Ra3+ 69. Kd4 Ra4+ 70. Bc4 Kg4 71. c6 Kg5 72. c7 Kg6 73. c8=Q Ra8 74. Qxa8 1-0

[Event "*** Titled Tuesday Blitz"]
[Site "Chess.com"]
[Date "2020.04.21"]
[Round "9"]
[White "Darhild"]
[Black "abhidabhi"]
[Result "1-0"]
[WhiteElo "2611"]
[BlackElo "2790"]
[TimeControl "180+1"]
[EndTime "11:51:17 PDT"]
[Termination "Darhild won on time"]

1. Nf3 Nf6 2. g3 g6 3. Bg2 Bg7 4. O-O O-O 5. d4 d5 6. c4 c6 7. Qb3 a5 8. cxd5 Nxd5 9. e4 a4 10. Qd1 Nc7 11. Nc3 Bg4 12. Be3 a3 13. b3 Bxf3 14. Bxf3 e5 15. dxe5 Nd7 16. Bg2 Nxe5 17. Qc2 Qd3 18. Rac1 Qxc2 19. Rxc2 Rfd8 20. Bb6 Rd7 21.
Bh3 Ne6 22. Kg2 Nd3 23. Na4 Nb4 24. Re2 Bd4 25. Rd1 c5 26. Bxe6 fxe6 27. Bxc5 Nc6 28. Nb6 Bxc5 29. Nxd7 Be7 30. Nb6 Ra6 31. Nc4 b5 32. Nd6 b4 33. Rc2 Ne5 34. Rc8+ Kg7 35.
Rc7 Kf6 36. Ne8+ Kf7 37. Nd6+ Kf6 38. Nc4 Nxc4 39. Rxc4 e5 40. Rd5 Ra7 41. Rc6+ Kf7 42. h3 Rb7 43. Kf3 Bf6 44. Rdd6 Be7 45. Rd5 Bf6 46.
Ke2 h5 47. Rdc5 Be7 48. Rc7 Rb6 49. Rd5 Kf6 50. Rdd7 Bd6 51. Rc4 Ke6 52. Rd8 Ke7 53.
Rg8 Kf7 54. Rgc8 Ke7 55. R4c6 Rb7 56. Rg8 Kf7 57. Rh8 Bf8 58. Rh7+ Bg7 59. Rc5 Re7 60. Rb5 Rc7 61. Ke3 1-0

[Event "*** Titled Tuesday Blitz"]
[Site "Chess.com"]
[Date "2020.04.21"]
[Round "9"]
[White "rpragchess"]
[Black "GOGIEFF"]
[Result "1/2-1/2"]
[WhiteElo "2794"]
[BlackElo "2955"]
[TimeControl "180+1"]
[EndTime "11:51:18 PDT"]
[Termination "Game drawn by agreement"]

1. Nf3 d5 2. g3 g6 3. c4 d4 4. b4 Bg7 5. Bg2 e5 6. d3 Ne7 7. O-O a5 8. bxa5 Rxa5 9. Nbd2 O-O 10. a4 Bd7 11. Qb3 b6 12. Ba3 Na6 13. Ne4 Kh8 14.
Qb2 h6 15. Rfb1 Re8 16. Ned2 Rxa4 17. Nb3 c5 18. Ne1 Bc6 19. Nd2 Nb4 20. Bxb4 Rxb4 21. Qc1 Bxg2 22. Kxg2 Nc6 23. Nb3 e4 24. Nc2 exd3 25. exd3 Re2 26. Qd1 Qe8 27. Ra2 Re6 28. Nxb4 Nxb4 29. Ra7 Rf6 30. Qe1 Qxe1 31. Rxe1 Nxd3 32.
Re2 Kh7 33. Nd2 g5 34. Ne4 Re6 35. Rxf7 Kg6 36. Rd7 Nc1 37. Re1 Nd3 38. Re2 Nc1 39.
Rc2 Nd3 40. Rd6 Rxd6 41. Nxd6 Nb4 42. Rd2 d3 43. Nc8 Bc3 44. Rd1 Kf5 45. Nxb6 Ke4 46.
Nd5 Nxd5 47. cxd5 c4 48. d6 Bf6 49. d7 c3 50. Re1+ Kd5 51. Kf3 d2 52. Rd1 Kc4 53.
Ke2 Kb3 54. Kd3 Kb2 55. Rf1 Bd8 56. f4 gxf4 57. gxf4 Ba5 58. f5 c2 59. d8=Q Bxd8 60. Kxd2 Bg5+ 61. Ke2 c1=Q 62. Rxc1 Kxc1 63. Kf3 Bf6 64.
Kg2 Kd2 65. Kh1 Ke3 66. h3 Kf4 67. Kg2 Kxf5 68. h4 Kg4 1/2-1/2

[Event "*** Titled Tuesday Blitz"]
[Site "Chess.com"]
[Date "2020.04.21"]
[Round "9"]
[White "temus_galaktionov"]
[Black "eldur16"]
[Result "1-0"]
[WhiteElo "2742"]
[BlackElo "2520"]
[TimeControl "180+1"]
[EndTime "11:51:18 PDT"]
[Termination "temus_galaktionov won on time"]

1. d4 Nf6 2. Nf3 g6 3. c4 Bg7 4. Nc3 O-O 5. e4 d6 6. Be2 e5 7.
O-O Nc6 8. d5 Ne7 9. Ne1 Ne8 10.
f3 f5 11. g4 Kh8 12. Be3 Nf6 13. Nd3 c5 14. a3 b6 15. b4 h5 16. g5 Nh7 17. h4 f4 18. Bf2 Bh3 19. Re1 Nxg5 20.
hxg5 Nxd5 21. Kh2 Nxc3 22. Qd2 Nxe2 23. Kxh3 Nd4 24. Bxd4 cxd4 25. Rg1 Qd7+ 26. Kh4 Rfc8 27. Rgc1 Bf8 28. c5 Be7 29. Qg2 bxc5 30. bxc5 Rab8 31.
Rab1 Qe6 32. Rxb8 Rxb8 33. c6 Rc8 34. Nb4 Bd8 35. Nd5 Bb6 36. Qe2 Bc5 37. Qa6 Qe8 38. c7 Qd7 39. Qb7 Kg7 40. a4 d3 41. Rd1 Bb6 42.
Rxd3 Bc5 43. Rd2 Kf7 44. Rc2 Bb6 45. Rd2 Rxc7 46. Nxc7 Qxc7 47. Qxc7+ Bxc7 48. Rc2 Bb6 49. Rc8 Bc5 50. Kh3 Ke6 51. Rg8 Kf7 52. Ra8 Ke6 53. Kg2 d5 54. exd5+ Kxd5 55. Rg8 e4 56. fxe4+ Kxe4 57. Rxg6 Kf5 58. Rg8 Kg4 59. g6 f3+ 60. Kf1 Kg5 61.
g7 Bd4 62. Ra8 Bxg7 63. Rxa7 Bd4 64. Rd7 Be3 65. Rf7 Kg4 66. a5 h4 67. a6 h3 68.
a7 h2 69. Rg7+ Kh4 70. Rh7+ 1-0

[Event "*** Titled Tuesday Blitz"]
[Site "Chess.com"]
[Date "2020.04.21"]
[Round "9"]
[White "yoolund"]
[Black "abubakrtagelsir"]
[Result "0-1"]
[WhiteElo "2529"]
[BlackElo "2367"]
[TimeControl "180+1"]
[EndTime "11:51:19 PDT"]
[Termination "abubakrtagelsir won on time"]

1. d4 Nf6 2. Bg5 Ne4 3. Bf4 c5 4. f3 Nf6 5. d5 d6 6. c4 g6 7. Nc3 Bg7 8. e4 O-O 9. Bd3 a6 10. a4 e6 11. Nge2 exd5 12. cxd5 Nh5 13. Be3 f5 14. exf5 gxf5 15. O-O Qe7 16. Qd2 Re8 17.
Bg5 Qf7 18. Rae1 Nd7 19. Nf4 Nxf4 20. Bxf4 Ne5 21. Kh1 Bd7 22. a5 Rec8 23. Bxe5 Bxe5 24. b3 Qf6 25. Nd1 Bd4 26. Re2 Re8 27. Ne3 Re7 28. Nc4 Rae8 29. Rxe7 Rxe7 30. h3 Bb5 31. Qf4 Kf8 32. Qxf5 Qxf5 33. Bxf5 Re2 34. Bxh7 Bxc4 35. bxc4 Ra2 36. h4 Rxa5 37. g4 Ra4 38. Kg2 Rxc4 39. g5 Kg7 40. Be4 Be5 41. Kh3 b5 42. Kg4 b4 43.
Kf5 b3 44. f4 Bd4 45. h5 b2 46. h6+ Kf8 47. Ke6 Bh8 48. Bf5 Rc1 49. Rf3 b1=Q 50. Bxb1 Rxb1 51. f5 Re1+ 52. Kxd6 Be5+ 53. Kxc5 Rc1+ 54.
Kb6 Kf7 55. g6+ Kf6 56. g7 Kf7 57. f6 Rh1 58. Rf5 Bd4+ 59. Kc6 Rxh6 60. d6 Bxf6 61. d7 Kxg7 62. Kb7 Bd8 0-1

[Event "*** Titled Tuesday Blitz"]
[Site "Chess.com"]
[Date "2020.04.21"]
[Round "9"]
[White "lucliasco"]
[Black "AttilaTurzo"]
[Result "0-1"]
[WhiteElo "2632"]
[BlackElo "2487"]
[TimeControl "180+1"]
[EndTime "11:51:20 PDT"]
[Termination "AttilaTurzo won by resignation"]

1. e4 c5 2. Nf3 Nc6 3. d4 cxd4 4.
c3 Nf6 5. e5 Nd5 6. Bc4 Nb6 7.
Bb3 d5 8. cxd4 Bg4 9. Be3 e6 10. O-O Be7 11. h3 Bf5 12. Nc3 O-O 13. Bc2 Bxc2 14. Qxc2 Rc8 15. b3 Nd7 16. a3 a6 17.
Qd3 b5 18. Ne2 Na5 19. Nf4 Qc7 20. Bd2 Nc6 21. Nh5 g6 22. Ng3 f6 23. exf6 Bxf6 24. Rfe1 Rfe8 25. Bg5 Bg7 26. Rac1 Qb6 27.
Ne2 Nf6 28. Bxf6 Bxf6 29. b4 Bg7 30. Rc5 Bf8 31. Nf4 Bxc5 32. dxc5 Qd8 33. Nxg6 Qf6 34. Nge5 Nxe5 35. Rxe5 Rc7 36. h4 Rg7 37. Rg5 Rxg5 38.
Nxg5 Qf5 39. Qg3 Qg6 40. Qe5 Qg7 41. Qd6 Qe7 42. Qxa6 e5 43. Qxb5 e4 44. Qe2 d4 45.
Qc4+ Kg7 46. Qxd4+ Qe5 47. Qe3 h6 48. Nh3 Rd8 49.
Nf4 Rd1+ 50. Kh2 Rd3 51. Qc1 Rc3 52. Qd2 Rd3 53. Qc1 Rc3 54. Qd1 Qxf4+ 55. g3 Qxf2+ 56. Kh1 Qf3+ 57. Qxf3 Rxf3 58. Kg2 Rf6 59. b5 e3 60. b6 e2 61. b7 Rf8 62. b8=Q Rxb8 63. Kf2 Rc8 64. c6 Rxc6 65. Kxe2 Ra6 66. Kf2 Rxa3 67. Kg2 h5 68. Kh3 Kg6 69. Kg2 Kf5 70. Kh3 Rb3 71.
Kg2 Kg4 0-1

[Event "*** Titled Tuesday Blitz"]
[Site "Chess.com"]
[Date "2020.04.21"]
[Round "9"]
[White "BlackWidow515"]
[Black "Justinz"]
[Result "1-0"]
[WhiteElo "2127"]
[BlackElo "2285"]
[TimeControl "180+1"]
[EndTime "11:51:25 PDT"]
[Termination "BlackWidow515 won on time"]

1. Nf3 Nf6 2. d4 e6 3. g3 d5 4. Bg2 Be7 5. O-O O-O 6. b3 c5 7. Bb2 Nc6 8. c4 b6 9. Nbd2 Bb7 10. Rc1 Rc8 11. Qc2 Rc7 12. Qb1 Qa8 13. dxc5 bxc5 14. Bxf6 gxf6 15. cxd5 exd5 16. Nh4 Rd8 17. Qf5 Qc8 18. Qh5 Nd4 19. e3 Ne6 20. Nf5 Bf8 21.
Bh3 Kh8 22. Nf3 d4 23. Qh4 Bxf3 24. Qxf6+ Kg8 25. exd4 cxd4 26. Rxc7 Qxc7 27. Nh4 Bh5 28. Bxe6 fxe6 29. Qg5+ Bg7 30. Qxh5 d3 31. Nf3 e5 32.
Ng5 Qd7 33. Qxh7+ Kf8 34. Qg6 Kg8 35. Qe6+ Qxe6 36. Nxe6 Rd6 37. Nxg7 Kxg7 38. f3 Kf6 39. Kf2 Ra6 40. Rd1 Rxa2+ 41. Ke3 Rxh2 42. Rxd3 Rb2 43.
Rc3 Ke6 44. f4 exf4+ 45. Kxf4 Rf2+ 46. Kg5 Kd5 47. g4 a5 48. Kg6 Ra2 49. g5 a4 50.
bxa4 Rxa4 51. Re3 Ra6+ 52. Kh7 Ra7+ 53. Kh6 Ra1 54. g6 Rh1+ 55. Kg7 Rg1 56. Kh7 Rh1+ 57. Kg8 Kd6 58. g7 Kd7 59. Re4 Rh3 60. Kf7 Rf3+ 61. Kg6 Rg3+ 62. Kf7 Rf3+ 63. Kg8 Rf1 64. Re5 1-0

[Event "*** Titled Tuesday Blitz"]
[Site "Chess.com"]
[Date "2020.04.21"]
[Round "9"]
[White "grunbergmihai"]
[Black "arminmusovic"]
[Result "1-0"]
[WhiteElo "2384"]
[BlackElo "2475"]
[TimeControl "180+1"]
[EndTime "11:51:26 PDT"]
[Termination "grunbergmihai won by resignation"]

1. Nf3 a6 2. e4 e6 3. d4 d5 4. Nbd2 Nf6 5. Bd3 c5 6. c3 Nc6 7. e5 Ng8 8. O-O Nge7 9. dxc5 Ng6 10. Bxg6 hxg6 11. b4 a5 12. b5 Na7 13. c4 Bxc5 14.
Nb3 b6 15. Nxc5 bxc5 16. Ba3 Bb7 17. Bxc5 dxc4 18. Qxd8+ Kxd8 19. Rfd1+ Kc8 20. Nd4 Bd5 21. Rab1 Kb7 22. f4 Rac8 23. Bd6 c3 24. Rdc1 Rc4 25.
b6 Nc8 26. Nb5 c2 27. Rb2 Be4 28. Bc7 Rh4 29. g3 Rh8 30. Nd6+ Nxd6 31. exd6 Rd4 32. Rbxc2 Bxc2 33. Rxc2 Rh5 34. Kg2 Rhd5 35. Kh3 f5 36. Re2 Rxd6 37. Bxd6 Rxd6 38. Kh4 Kxb6 39. Kg5 a4 40. h4 Kc5 41. Kxg6 Rd3 42. Rg2 Kd5 43. h5 Ke4 44. Kxg7 Kf3 45. Rg1 Kf2 46. Rh1 Rxg3+ 47.
Kf7 Kg2 48. Rh4 Rc3 49. h6 Kg3 50. Rh1 Rc8 51. h7 Rh8 52. Kxe6 Kxf4 53. Kf6 Ke4 54. Kg7 Rxh7+ 55. Rxh7 f4 56. Rh4 Ke3 57. Rh5 f3 58.
Re5+ Kd2 59. Rf5 Ke2 60. Re5+ Kd2 61. Rf5 Ke2 62. Kf6 f2 63. Ke5 f1=Q 64. Rxf1 Kxf1 65. Kd4 Kf2 66. Kc4 Kf3 67. Kb4 Ke4 68. Kxa4 Kd5 69.
Kb5 Kd6 70. Kb6 1-0

[Event "*** Titled Tuesday Blitz"]
[Site "Chess.com"]
[Date "2020.04.21"]
[Round "9"]
[White "gena217"]
[Black "DrVitman"]
[Result "1-0"]
[WhiteElo "2893"]
[BlackElo "2563"]
[TimeControl "180+1"]
[EndTime "11:51:29 PDT"]
[Termination "gena217 won on time"]

1. e4 c5 2. Nf3 Nc6 3. Bb5 g6 4.
Bxc6 dxc6 5. d3 Bg7 6. h3 Nf6 7. Nc3 Nd7 8. Be3 e5 9. Qd2 h6 10. O-O Qe7 11. Nh2 Nf8 12. f4 exf4 13.
Bxf4 Ne6 14. Be3 Nd4 15. Nd1 Be6 16. c3 Nb5 17. a4 Nc7 18. Nf2 O-O-O 19. d4 Bc4 20.
Rfe1 Ne6 21. Nf3 Qd7 22. Qc2 cxd4 23. cxd4 Ba6 24. b4 Kb8 25. Rad1 b6 26. Ng4 Bb7 27. Nge5 Qc7 28. a5 Rhe8 29. axb6 axb6 30. Qf2 Qe7 31. d5 cxd5 32. Bxb6 dxe4 33. Ba7+ Kc8 34. Rc1+ Nc7 35. Bb6 Bxe5 36. Nxe5 Qxe5 37. Bxc7 Qxc7 38. Rxc7+ Kxc7 39. Qa7 Rd7 40. Rc1+ Kd8 41. Qa5+ Ke7 42. Rc7 Rd8 43.
Qe5+ Kf8 44. Qh8+ Ke7 45. Qe5+ Kf8 46. Qh8+ Ke7 47. Rxd7+ Rxd7 48. Qxh6 Rd3 49. Qg5+ Kf8 50. Qc5+ Kg7 51. Qe5+ Kg8 52. Qe8+ Kg7 53. Qe5+ Kg8 54. Qe7 Kg7 55. Qxb7 e3 56. Qe4 Rd1+ 57. Kh2 Re1 58. Qe5+ f6 59. Qe7+ Kh6 60. Qxf6 Kh7 61. Qh4+ Kg7 62.
Qxe1 e2 63. Qxe2 g5 64. b5 g4 65. b6 Kh6 66. Kg3 gxh3 67. gxh3 Kg5 68. Qe5+ Kg6 69. b7 Kf7 70. b8=Q Kg6 71. Qbd6+ 1-0

[Event "*** Titled Tuesday Blitz"]
[Site "Chess.com"]
[Date "2020.04.21"]
[Round "9"]
[White "masteryoungK"]
[Black "Vice64"]
[Result "0-1"]
[WhiteElo "2393"]
[BlackElo "2532"]
[TimeControl "180+1"]
[EndTime "11:51:30 PDT"]
[Termination "Vice64 won by checkmate"]

1. Nf3 Nf6 2. g3 c5 3. Bg2 g6 4. O-O Bg7 5. c4 Nc6 6. Nc3 e5 7. d3 d6 8. Rb1 O-O 9. a3 a5 10. Bg5 h6 11. Bxf6 Bxf6 12. Nd5 Bg7 13. Nd2 Be6 14. Qa4 Ne7 15. Qb5 Bxd5 16. cxd5 Qc7 17.
b4 axb4 18. axb4 b6 19. Nc4 Rab8 20. bxc5 bxc5 21. Qa6 Nf5 22. Bh3 Nd4 23. e3 Ne2+ 24. Kg2 Nc3 25. Rxb8 Qxb8 26. Nb6 e4 27. Nd7 Qd8 28. Nxf8 Qxf8 29. dxe4 Nxe4 30. Rb1 Qe7 31.
Rb8+ Kh7 32. Qc8 Nf6 33. Rb7 Qe4+ 34. Kg1 Qxd5 35. Qc7 Kg8 36. Rb8+ Kh7 37. Rb7 Kg8 38. Bg2 Qd1+ 39. Bf1 Qd5 40. Qd8+ Kh7 41. Qe7 Kg8 42. Rb8+ Kh7 43. Rd8 Ne4 44. Qe8 g5 45. Qg8+ Kg6 46. h4 Qf5 47. f4 Qg4 48. Bg2 Qxg3 49. h5+ Kf6 50. fxg5+ hxg5 51. h6 Bxh6 52. Qh8+ Bg7 53. Qh3 Qxh3 54. Bxh3 c4 55. Bg2 Ke5 56. Bxe4 Kxe4 57.
Rxd6 Be5 58. Rc6 c3 59. Kf2 f5 60. Rc4+ Kd3 61. Rc5 c2 62. Rd5+ Kc4 63. Rd8 Bc3 64.
Rc8+ Kb3 65. Rb8+ Ka4 66. Ra8+ Kb5 67. Rb8+ Ka6 68. Rc8 c1=Q 69. Rc6+ Kb5 70. Rc8 Qd2+ 71. Kf3 Qd5+ 72. Kf2 Be5 73. Rh8 Qd2+ 74. Kf3 g4# 0-1

[Event "*** Titled Tuesday Blitz"]
[Site "Chess.com"]
[Date "2020.04.21"]
[Round "9"]
[White "Noam_Vitenberg"]
[Black "WeAintSurePal"]
[Result "0-1"]
[WhiteElo "2480"]
[BlackElo "2385"]
[TimeControl "180+1"]
[EndTime "11:51:30 PDT"]
[Termination "WeAintSurePal won by checkmate"]

1. d4 d5 2. c4 e6 3. Nc3 a6 4. cxd5 exd5 5. Nf3 Nf6 6. Qb3 c6 7. e4 dxe4 8. Ne5 Qe7 9. Bc4 Be6 10. Bxe6 fxe6 11.
Bg5 b5 12. O-O Qd6 13. Rfe1 Nbd7 14. Nxe4 Nxe4 15. Rxe4 Qd5 16. Qe3 Be7 17. Bxe7 Kxe7 18. Re1 Rae8 19. Nxc6+ Kf7 20. Ne5+ Nxe5 21. Rxe5 Qxa2 22.
Qf4+ Kg8 23. d5 Rf8 24. Qg4 Qxb2 25. Qxe6+ Rf7 26. R5e2 Qf6 27. d6 h6 28. d7 Qxe6 29. d8=Q+ Kh7 30. Rxe6 Rxd8 31. Rxa6 Rb7 32. Ra3 Rc8 33.
Rb3 b4 34. Reb1 Rc4 35. g3 g5 36. Kg2 g4 37. h3 h5 38. Kg1 Kg6 39. Kg2 Kf5 40.
hxg4+ hxg4 41. Kf1 Ke4 42. Ke2 Kd4 43. Rd3+ Kc5 44.
Re3 Rd7 45. Re5+ Rd5 46. Rxd5+ Kxd5 47. Kd3 Kc5 48. Rb3 Rd4+ 49. Ke3 Rd1 50. Kf4 Kc4 51. Rxb4+ Kxb4 52. Kxg4 Kc5 53. Kf5 Kd6 54. g4 Ke7 55. g5 Kf7 56. g6+ Kg7 57. Kg5 Rd6 58. f4 Rxg6+ 59. Kf5 Rf6+ 60. Ke5 Rf8 61. f5 Kf7 62. f6 Ra8 63. Kf5 Ra5+ 64. Ke4 Kxf6 65. Kd4 Ke6 66. Kd3 Kd5 67. Ke3 Ra4 68. Kd3 Ra3+ 69.
Kc2 Kc4 70. Kb2 Rh3 71. Kc2 Rh2+ 72. Kb1 Kc3 73. Ka1 Kb3 74. Kb1 Rh1# 0-1

[Event "*** Titled Tuesday Blitz"]
[Site "Chess.com"]
[Date "2020.04.21"]
[Round "9"]
[White "crossingthestreet"]
[Black "Forantes"]
[Result "0-1"]
[WhiteElo "2255"]
[BlackElo "2428"]
[TimeControl "180+1"]
[EndTime "11:51:34 PDT"]
[Termination "Forantes won by resignation"]

1. c4 e5 2. Nc3 Nc6 3. e3 Nf6 4.
Nf3 a5 5. d4 exd4 6. exd4 Bb4 7. Be2 O-O 8. d5 Ne7 9. O-O d6 10.
Bf4 Ng6 11. Bg3 Re8 12. Bd3 Bg4 13. h3 Bh5 14. Nb5 Ne4 15. Bh2 Bxf3 16. Qxf3 Nd2 17. Qh5 Nxf1 18. Rxf1 c6 19. Nd4 cxd5 20. cxd5 Qf6 21.
Nf5 Rad8 22. Rc1 Qxb2 23. Rd1 Qc3 24. Bg3 Re1+ 25. Rxe1 Qxe1+ 26. Kh2 Qe8 27. h4 b5 28. Qg4 Bc3 29. h5 Nf8 30. Nxd6 Rxd6 31. Bxd6 Be5+ 32. Bxe5 Qxe5+ 33. g3 Qxd5 34. Be4 Qe6 35. Bf5 Qd5 36. h6 g6 37. Be4 Qh5+ 38. Qxh5 gxh5 39. Kh3 Ne6 40.
Kh4 Nc5 41. Bd5 b4 42. Kxh5 a4 43. g4 b3 44. axb3 axb3 45. f4 b2 46. Ba2 Na4 47. Bb1 Nc3 48. Bc2 b1=Q 49. Bxb1 Nxb1 50. g5 Nd2 51. f5 Ne4 52. g6 f6 53. g7 Ng5 54.
Kg4 Nf7 55. Kh5 Nd6 56. Kg4 Kf7 57. Kh5 Nxf5 58. Kg4 Ne7 59. Kh5 Ng8 60. Kg4 Nxh6+ 61. Kh5 Ng8 62. Kg4 Kxg7 63. Kh5 f5 64. Kg5 Ne7 65. Kf4 Kf6 66. Kg3 Kg5 67. Kf3 f4 68.
Kf2 Nf5 69. Kg2 Nh4+ 70. Kf2 Kg4 71. Ke2 f3+ 72. Kf2 Nf5 73. Kg1 Kg3 74. Kf1 Ne3+ 75.
Ke1 f2+ 76. Ke2 f1=Q+ 77. Kxe3 Qf3+ 78. Kd4 Kf4 79. Kc5 Qe4 80. Kd6 Qe5+ 81. Kc6 Qd4 82. Kc7 Qd5 83. Kb6 Qc4 84. Kb7 Qc5 85.
Ka6 Qb4 86. Ka7 Ke5 87. Ka8 Kd6 0-1

[Event "*** Titled Tuesday Blitz"]
[Site "Chess.com"]
[Date "2020.04.21"]
[Round "9"]
[White "FCChelsea14"]
[Black "RATNAKARAN"]
[Result "1/2-1/2"]
[WhiteElo "2744"]
[BlackElo "2586"]
[TimeControl "180+1"]
[EndTime "11:51:39 PDT"]
[Termination "Game drawn - insufficient material"]

1. d4 Nf6 2. Nf3 g6 3. c4 Bg7 4. Nc3 O-O 5. Bf4 d6 6. h3 Re8 7. e3 Nbd7 8. Be2 c6 9. O-O Qa5 10. Qd2 e5 11. Bh2 exd4 12. Nxd4 d5 13. Rfd1 dxc4 14.
Bxc4 Nb6 15. Be2 Qg5 16. Bf4 Qh4 17. Nf3 Qh5 18. Ng5 Qh4 19. g3 Qh6 20. h4 Bg4 21. Nxf7 Qh5 22. Nd6 Red8 23. Bxg4 Qxg4 24. Qe2 Qh3 25.
Qf1 Qe6 26. Rd3 Rd7 27. Rad1 Nbd5 28. Nxd5 Nxd5 29. e4 Nxf4 30. gxf4 Rad8 31. e5 Qg4+ 32.
Qg2 Qxf4 33. e6 Rc7 34. Ne4 Rxd3 35. Rxd3 Qxh4 36. Qf3 Qe7 37. Qf4 Bxb2 38. Nc5 g5 39. Qg3 Bf6 40. Rd7 Rxd7 41. exd7 Qxc5 42. Qc7 Qe7 43.
Qxb7 h5 44. Qxc6 h4 45. Qd5+ Kg7 46. Kg2 g4 47. Qf5 Qb4 48. Qxf6+ Kxf6 49. d8=Q+ Qe7 50. Qh8+ Kf5 51. Qh5+ Kf4 52. Qh6+ Qg5 53. Qd6+ Qe5 54. Qf8+ Ke4 55. Qa8+ Qd5 56. Qxa7 h3+ 57. Kg1 Qd1+ 58. Kh2 Qf3 59. Qb7+ Kf4 60. Qf7+ Ke4 61. Qb7+ Kf4 62. Qc7+ Ke4 63. Qc6+ Kf4 64. Qf6+ Ke4 65. Qc6+ Kf4 66.
Qc4+ Qe4 67. Qc1+ Kf3 68. Qh1+ Kf4 69. Qc1+ Kf5 70. Qc8+ Qe6 71. Qc2+ Qe4 72. Qc8+ Qe6 73. Qf8+ Kg5 74. Qg7+ Kf4 75. Qd4+ Kf5 76. a4 Qe5+ 77. Qxe5+ Kxe5 78. a5 Kd5 79. a6 Kc6 80. f3 gxf3 81. Kxh3 Kb6 82. Kg3 Kxa6 83. Kf2 Kb6 84. Kxf3 1/2-1/2

[Event "*** Titled Tuesday Blitz"]
[Site "Chess.com"]
[Date "2020.04.21"]
[Round "9"]
[White "IMRosen"]
[Black "wannabe2700"]
[Result "1/2-1/2"]
[WhiteElo "2498"]
[BlackElo "2660"]
[TimeControl "180+1"]
[EndTime "11:51:40 PDT"]
[Termination "Game drawn - insufficient material"]

1. d4 f5 2. Bf4 Nf6 3. e3 e6 4. h3 d6 5. g4 Nc6 6. gxf5 exf5 7. Nd2 Bd7 8. Bc4 Qe7 9. c3 O-O-O 10. Qe2 h6 11.
O-O-O g5 12. Bh2 Bg7 13. Ngf3 Rde8 14. Ne1 f4 15. Nc2 Bxh3 16. Bxf4 Bg4 17. f3 gxf4 18.
fxg4 fxe3 19. Nf1 h5 20. g5 Ne4 21. Rxh5 Rxh5 22. Qxh5 e2 23. Bxe2 Qxg5+ 24. Qxg5 Nxg5 25.
Bg4+ Kb8 26. Bd7 Re2 27. Bxc6 bxc6 28. Re1 Rf2 29. Nfe3 Nf3 30. Rh1 Bf6 31. Nc4 Bg5+ 32. Kb1 Nd2+ 33. Nxd2 Rxd2 34. Na3 d5 35. Nc2 a5 36. a4 Bf4 37. Rf1 Bd6 38. Ne3 Kb7 39. Ka2 Re2 40. Nf5 Re6 41. Kb3 Re4 42. Rh1 Rf4 43. Rh5 Kb6 44. Ne3 Re4 45. Nc2 Re2 46. Rh8 Kb7 47. Rg8 Bf4 48. Rg4 Bd6 49. Rg1 Be7 50. Rf1 Bd6 51. Ne1 Be7 52. Nd3 Bd6 53. Rf3 Ka7 54. Rf7 Re7 55. Rf3 Kb7 56. Rh3 Re6 57. Rh7 Re7 58. Rxe7 Bxe7 59. Kc2 Bd6 60. Kd2 Kb6 61. Ke3 c5 62. Kd2 cxd4 63.
cxd4 c5 64. Kc3 c4 65. Nf2 Bb4+ 66. Kc2 Kc6 67. b3 Bd6 68. Ng4 Bc7 69. Ne3 Bb6 70.
bxc4 dxc4 71. Nxc4 Bxd4 72. Nxa5+ Kb6 73. Nb3 Be5 74.
Kd3 Bd6 75. Kc4 Bf8 76. Kc3 Ka6 77. Kc4 Kb6 78. a5+ Ka6 79. Kd5 Be7 80. Kc6 Bd8 81. Kd7 Bxa5 1/2-1/2

[Event "*** Titled Tuesday Blitz"]
[Site "Chess.com"]
[Date "2020.04.21"]
[Round "9"]
[White "RichardWe"]
[Black "Efremov_Vlad"]
[Result "1/2-1/2"]
[WhiteElo "2371"]
[BlackElo "2127"]
[TimeControl "180+1"]
[EndTime "11:51:40 PDT"]
[Termination "Game drawn by stalemate"]

1. d4 d5 2. c4 e6 3. Nc3 Bb4 4. Nf3 Nf6 5. cxd5 exd5 6. Bg5 c5 7. e3 h6 8. Bxf6 Qxf6 9. Bb5+ Nc6 10. O-O O-O 11. dxc5 Bxc3 12. bxc3 Qxc3 13. Bxc6 bxc6 14. Qd4 Qc2 15. Ne5 Bb7 16. Rab1 Rab8 17. Nd7 Ba6 18.
Rbc1 Qg6 19. Nxf8 Rxf8 20. Rfe1 Bc8 21. Qf4 Rd8 22. Rb1 Bf5 23. Rb8 Rxb8 24. Qxb8+ Kh7 25. Qd6 f6 26. Qg3 Qf7 27. Qf4 Be4 28. f3 Bg6 29.
e4 dxe4 30. fxe4 Qc4 31. Qf2 Bxe4 32. h3 Bg6 33. a3 Qd5 34. Qe3 h5 35. Kh2 Qf5 36.
Re2 Bf7 37. Rf2 Qg6 38. Re2 Bd5 39. Rf2 h4 40. Qf4 Qh5 41. Rd2 g5 42. Qf5+ Qg6 43. Qxg6+ Kxg6 44. Kg1 a5 45. Kf2 Kf5 46. Ke3 Ke5 47.
Rb2 a4 48. Rb8 Bb3 49. Rd8 Bc2 50. Rd6 Be4 51. Kf2 Bd5 52. g3 hxg3+ 53. Kxg3 f5 54. Rg6 f4+ 55. Kg4 f3 56. Kg3 Kd4 57. Rxg5 Kxc5 58. h4 Kc4 59. h5 Kb3 60. h6 Be4 61. Re5 Bb1 62. Re3+ Ka2 63. Rxf3 c5 64. Rc3 Kb2 65. Rxc5 Kxa3 66. Rc7 Kb2 67. Rb7+ Ka2 68.
Rxb1 Kxb1 69. h7 a3 70. h8=Q a2 71. Qb8+ Ka1 72. Kf3 1/2-1/2

[Event "*** Titled Tuesday Blitz"]
[Site "Chess.com"]
[Date "2020.04.21"]
[Round "9"]
[White "DanielTitichoca"]
[Black "pawnwonder"]
[Result "0-1"]
[WhiteElo "2317"]
[BlackElo "2212"]
[TimeControl "180+1"]
[EndTime "11:51:44 PDT"]
[Termination "pawnwonder won by checkmate"]

1. c4 Nf6 2. Nc3 g6 3. g3 Bg7 4. Bg2 O-O 5. Nf3 d6 6. O-O Nc6 7.
d3 Nh5 8. Rb1 f5 9. Nd5 e6 10.
Nc3 f4 11. Bd2 a5 12. a3 e5 13. Nd5 Bg4 14. b4 axb4 15. axb4 Ne7 16. Bc3 Nxd5 17. cxd5 Nf6 18. Nd2 f3 19. Nxf3 Nxd5 20. Qb3 Be6 21. Ng5 Qxg5 22. Bxd5 Bf7 23. Ra1 Qe7 24. b5 c6 25.
Bxf7+ Qxf7 26. Qxf7+ Kxf7 27. bxc6 bxc6 28. Rfb1 Rxa1 29.
Rxa1 Re8 30. e4 Re7 31. Ra6 Rc7 32. Ba5 Rc8 33. Ra7+ Kg8 34. Rd7 Bf8 35. Bc7 Ra8 36. Bxd6 Bxd6 37. Rxd6 Ra3 38. Kf1 c5 39. Ke2 Ra2+ 40.
Ke3 Ra3 41. Rd5 c4 42. Ke2 Ra2+ 43. Kf3 Ra3 44. Ke3 Kg7 45. Rxe5 Rxd3+ 46. Ke2 Rd4 47. f3 Rd3 48. Rc5 Ra3 49. h4 c3 50. Ke3 c2+ 51.
Kf4 Ra2 52. e5 Kf7 53. Rc6 Ke7 54. Kg5 Ke8 55. Kf6 Ra6 56. Rxa6 c1=Q 57. e6 Qc3+ 58. Kg5 Qd2+ 59. Kf6 Qd4+ 60. Kg5 Qc5+ 61. Kf6 Qf5+ 62. Kg7 h5 63. Ra8+ Ke7 64. Ra7+ Kxe6 65. Ra6+ Ke7 66. Rxg6 Qf7+ 67. Kh6 Qxf3 68. Rg5 Kf7 69. Kh7 Qe4+ 70. Kh6 Qe2 71. Rxh5 Qe6+ 72. Kg5 Qg6+ 73. Kf4 Qxh5 74. g4 Qa5 75. g5 Kg7 76.
Kg4 Qa4+ 77. Kh5 Qd1# 0-1

[Event "*** Titled Tuesday Blitz"]
[Site "Chess.com"]
[Date "2020.04.21"]
[Round "9"]
[White "Funkmaus"]
[Black "P4AD"]
[Result "1-0"]
[WhiteElo "2215"]
[BlackElo "2648"]
[TimeControl "180+1"]
[EndTime "11:51:44 PDT"]
[Termination "Funkmaus won by resignation"]

1. d3 Nf6 2. g3 d5 3. Bg2 Bf5 4. c3 e6 5. Nf3 h6 6. Nbd2 c6 7. O-O Be7 8. e4 Bh7 9. e5 Nfd7 10. d4 O-O 11. Nb3 c5 12. Be3 Nc6 13. Qd2 cxd4 14.
cxd4 Bb4 15. Qe2 Qb6 16. Nh4 Rfc8 17. Qg4 Kh8 18. Bxd5 h5 19. Qh3 exd5 20. Qxd7 Kg8 21. Qxd5 Ne7 22. Qf3 Ng6 23. Nf5 h4 24. Rac1 Qe6 25.
Rxc8+ Rxc8 26. Rc1 Rxc1+ 27. Nxc1 hxg3 28. hxg3 Nf8 29. g4 b6 30. Nd3 Be7 31. Nf4 Qd7 32. Nh5 Bxf5 33. gxf5 Nh7 34. Qg4 Bf8 35. Bh6 g6 36. Bxf8 Kxf8 37. e6 Qc6 38. fxg6 Qc1+ 39. Kh2 fxg6 40. Qf3+ Ke7 41. Qf7+ Kd6 42. e7 Qg5 43. e8=Q Qxh5+ 44. Kg2 Qg4+ 45. Kf1 Qd1+ 46. Qe1 Qd3+ 47. Qe2 Qh3+ 48. Ke1 Qh1+ 49. Qf1 Qe4+ 50. Qe2 Qb1+ 51. Kd2 Qxb2+ 52. Ke1 Qc1+ 53. Qd1 Qc3+ 54. Qd2 Qa1+ 55. Ke2 Ng5 56. Qff4+ Kd7 57. Qxg5 Qb1 58. Qg4+ Kc7 59. Qg3+ Kb7 60. Qgd3 Qa1 61. Q3c3 Qh1 62. d5 Qe4+ 63. Qce3 Qc4+ 64. Qdd3 Qxa2+ 65. Kf3 Qb2 66. Qe7+ Kb8 67. d6 Qc1 68. Qc7+ Qxc7 69. dxc7+ Kxc7 70. Qxg6 a5 71. Qb1 Kb7 72. Ke2 Ka6 73. Kd3 b5 74.
Kc3 a4 75. Kb4 Kb6 76. Qd3 1-0